Map: Blackburn LE

Players

Dream - Winner!

  • Race: Terran Terran

SpeCial

  • Race: Terran Terran
  • League: Master

Event: TSL 8

VOD

Have the link to the VOD?

Description

Time

  • Played on: Dec. 4, 2021, 10:52 a.m.
  • Length: 13:54

All games in this series

Show
View Real Time Build Order
Export as new Build Order

Dream Terran - Winner!

Build Orders: Cyclone Opening 

Get SALT Encoding   

  12  0:00  SCV  
  13  0:12  SCV  
  14  0:16  Supply Depot  
  14  0:24  SCV  
  15  0:38  SCV  
  15  0:40  Barracks  
  16  0:43  Refinery  
  16  0:50  SCV  
  16  0:53  Refinery  
  17  1:02  SCV  
  18  1:14  SCV  
  19  1:27  Reaper, Orbital Command  
  19  1:29  Supply Depot  
  20  1:43  Factory  
  20  1:53  SCV  
  21  1:59  Reaper  
  22  2:05  SCV  
  23  2:17  SCV  
  24  2:23  Command Center  
  24  2:29  SCV  
  25  2:32  Barracks Reactor, Factory Tech Lab  
  25  2:41  Starport  
  25  2:43  SCV  
  26  2:55  SCV  
  26  2:56  Cyclone  
  30  3:03  Supply Depot  
  30  3:07  SCV  
  31  3:24  SCV, Marine x2  
  31  3:25  Refinery  
  34  3:34  Raven  
  34  3:35  Factory Tech Lab, Orbital Command  
  34  3:36  SCV  
  37  3:42  Marine x2  
  39  3:50  SCV  
  40  3:57  Siege Tank  
  40  3:59  Refinery  
  40  4:00  Supply Depot  
  40  4:01  SCV  
  44  4:05  SCV  
  44  4:08  Marine x2  
  47  4:13  SCV  
  48  4:17  Supply Depot, SCV  
  46  4:26  SCV  
  46  4:28  Marine  
  46  4:29  SCV  
  46  4:30  Marine  
  49  4:31  Raven  
  51  4:38  SCV  
  51  4:39  Siege Tank  
  51  4:41  SCV  
  56  4:49  Marine x2  
  56  4:50  SCV  
  59  4:53  SCV  
  60  5:00  Supply Depot  
  60  5:03  SCV  
  60  5:05  SCV  
  62  5:12  Supply Depot, Siege Tank  
  65  5:15  SCV  
  65  5:17  SCV  
  67  5:25  Stimpack  
  67  5:27  SCV  
  68  5:28  Viking  
  68  5:30  SCV  
  73  5:36  Marine  
  73  5:39  SCV  
  73  5:42  SCV, Command Center  
  74  5:44  Siege Tank  
  77  5:54  SCV x2  
  77  5:56  Marine  
  80  6:00  Supply Depot, Starport Reactor, Barracks  
  78  6:06  Barracks  
  78  6:12  SCV x2  
  78  6:13  Engineering Bay  
  78  6:14  Engineering Bay  
  78  6:15  Marine  
  78  6:17  Siege Tank  
  84  6:24  SCV x2  
  86  6:30  Supply Depot  
  86  6:33  Marine  
  87  6:41  SCV  
  87  6:43  SCV  
  87  6:46  Terran Infantry Weapons Level 1, Terran Infantry Armor Level 1  
  87  6:47  Medivac x2  
  91  6:51  Marine  
  91  6:52  Supply Depot  
  91  6:53  SCV  
  95  6:58  SCV, Orbital Command  
  95  7:00  Barracks Reactor  
  96  7:02  Barracks Reactor  
  96  7:05  SCV  
  97  7:09  Marine  
  97  7:10  SCV  
  97  7:12  Combat Shield  
  97  7:13  Siege Tank  
  102  7:17  Supply Depot  
  102  7:18  SCV  
  103  7:26  SCV x2, Marine  
  103  7:29  Viking x2  
  110  7:32  SCV, Refinery  
  110  7:33  Refinery  
  110  7:36  Marine  
  111  7:38  SCV  
  111  7:40  SCV  
  113  7:44  SCV  
  113  7:46  Marine x3  
  117  7:52  SCV  
  117  7:53  SCV  
  117  7:57  Marine  
  113  7:59  Marauder  
  113  8:05  Barracks x2  
  114  8:07  Command Center  
  114  8:09  Medivac x2  
  114  8:11  Marine x3  
  121  8:13  Siege Tank  
  121  8:15  SCV  
  121  8:16  Supply Depot, SCV  
  121  8:17  Supply Depot  
  121  8:18  SCV, Armory  
  127  8:26  Marauder  
  125  8:37  Marine x2  
  109  8:42  Viking x2  
  109  8:45  Siege Tank  
  109  8:48  Marauder  
  107  8:49  Marine  
  107  8:50  Marine  
  107  8:54  Barracks Tech Lab  
  107  8:55  Barracks Tech Lab  
  109  9:00  Concussive Shells  
  109  9:01  Supply Depot  
  109  9:02  Barracks  
  109  9:05  Marine x2  
  109  9:07  Marine  
  109  9:09  Marauder  
  111  9:12  Viking x2  
  111  9:15  Marauder  
  111  9:16  Marauder  
  119  9:18  Siege Tank  
  119  9:22  Missile Turret  
  118  9:27  Marine x3  
  118  9:30  Marauder  
  123  9:35  Marine  
  123  9:37  Marauder x2  
  128  9:42  Viking x2  
  128  9:44  Terran Infantry Weapons Level 2  
  128  9:45  Marine x2  
  134  9:49  Orbital Command  
  134  9:52  Marauder  
  136  9:58  Marauder  
  137  10:00  Barracks Tech Lab, Marine  
  137  10:01  Marauder, Marine  
  137  10:03  Marine  
  137  10:04  Marine  
  137  10:05  Siege Tank  
  146  10:13  Marine  
  145  10:18  Marine  
  145  10:19  Medivac x2  
  145  10:20  Marauder  
  150  10:23  Supply Depot, Marine x2  
  150  10:24  Marauder x2  
  156  10:31  Marauder, Marine  
  159  10:38  Siege Tank  
  159  10:41  Marauder  
  164  10:43  Terran Vehicle Weapons Level 1  
  164  10:44  Missile Turret  
  164  10:45  Marauder  
  164  10:47  Starport, Marine  
  164  10:48  Marauder  
  169  10:53  Marauder  
  169  10:54  Marine x2  
  169  10:56  Marine  
  172  11:02  Marauder  
  171  11:05  Marine  
  171  11:06  Marauder  
  171  11:09  Marauder  
  169  11:13  Marine  
  169  11:14  Marauder  
  169  11:15  Siege Tank  
  172  11:23  Marine x2  
  172  11:24  Marauder  
  176  11:27  Marine  
  176  11:28  Marauder  
  176  11:30  Marauder, Medivac, Marine  
  180  11:35  Medivac  
  180  11:44  Marine  
  180  11:45  Marauder  
  180  11:47  Marine x2  
  180  11:48  Marauder  
  180  11:49  Marauder  
  180  11:51  Marine  
  180  11:52  Marauder  
  180  11:53  SCV x3  
  148  11:55  SCV  
  148  12:00  Siege Tank  
  140  12:02  Medivac, Marine  
  140  12:05  Medivac  
  140  12:06  Marauder  
  147  12:08  SCV x2  
  147  12:09  SCV x2  
  147  12:10  Marauder  
  147  12:11  Marauder, Marine x2  
  147  12:13  Marauder  
  155  12:28  Marauder, Marine x2  
  157  12:31  Marauder, Starport Reactor  
  157  12:32  Marauder, Siege Tank  
  153  12:48  Marauder, Marine x3  
  153  12:49  Marauder, Marine  
  156  12:53  Marauder  
  156  12:58  Medivac x2  
  156  13:00  Marauder  
  156  13:02  SCV x4  
  156  13:04  Siege Tank  
  159  13:05  Marine  
  159  13:06  Marine  
  159  13:09  Marauder  
  159  13:12  Marauder, Marine  
  160  13:14  Marauder, Marine  
  144  13:21  Medivac x2  
  144  13:22  Marauder  
  150  13:23  Marine x2  
  150  13:31  Marauder  
Show
View Real Time Build Order
Export as new Build Order

SpeCial Terran 

Build Orders: Mech 

Get SALT Encoding   

  12  0:00  SCV  
  13  0:12  SCV  
  14  0:17  Supply Depot  
  14  0:24  SCV  
  15  0:39  SCV  
  15  0:40  Barracks  
  16  0:43  Refinery  
  16  0:51  SCV  
  16  0:53  Refinery  
  17  1:03  SCV  
  18  1:15  SCV  
  19  1:27  Reaper, Orbital Command  
  19  1:29  Supply Depot  
  20  1:40  Factory  
  20  1:53  SCV  
  21  1:59  Reaper  
  22  2:05  SCV  
  23  2:17  Command Center  
  23  2:21  SCV  
  23  2:26  Hellion  
  25  2:31  Supply Depot  
  25  2:34  Reaper  
  25  2:36  SCV  
  27  2:47  Hellion  
  27  2:48  SCV  
  30  2:55  Starport  
  29  3:01  SCV  
  30  3:08  Barracks Tech Lab, Factory Tech Lab  
  30  3:13  SCV  
  31  3:25  SCV  
  32  3:29  Cyclone  
  32  3:30  Orbital Command  
  32  3:32  Refinery  
  35  3:36  Marine  
  35  3:37  SCV  
  37  3:42  Raven  
  39  3:49  SCV  
  40  3:56  SCV  
  40  4:01  SCV, Cyclone  
  45  4:07  Supply Depot  
  45  4:08  SCV  
  46  4:14  SCV  
  47  4:21  SCV  
  44  4:26  SCV  
  44  4:27  Raven  
  47  4:32  Command Center  
  47  4:33  SCV  
  47  4:38  SCV  
  47  4:41  Siege Tank  
  47  4:45  SCV  
  51  4:46  Barracks Reactor  
  51  4:47  Refinery  
  51  4:50  SCV  
  51  4:51  Supply Depot  
  52  4:56  Supply Depot  
  52  4:57  SCV  
  53  5:02  SCV  
  54  5:09  SCV  
  54  5:13  Siege Tank, Engineering Bay  
  58  5:14  SCV  
  58  5:21  Supply Depot, SCV  
  60  5:30  Viking x2  
  60  5:33  SCV  
  60  5:34  SCV  
  66  5:45  SCV, Siege Tank  
  66  5:46  SCV  
  66  5:48  Missile Turret  
  71  5:50  Orbital Command  
  71  5:57  SCV  
  71  5:58  Supply Depot, SCV  
  71  6:02  Factory, Viking  
  75  6:08  Viking  
  77  6:12  SCV x2  
  77  6:16  Orbital Command  
  79  6:22  Barracks Reactor  
  79  6:24  SCV  
  80  6:26  Siege Tank  
  80  6:27  Factory  
  80  6:29  SCV  
  84  6:36  SCV, Viking  
  87  6:41  SCV  
  87  6:44  Viking  
  87  6:45  SCV  
  91  6:48  SCV  
  91  6:49  Siege Tank  
  91  6:53  SCV  
  96  6:57  SCV  
  96  6:59  Refinery  
  96  7:00  Supply Depot, SCV  
  96  7:01  Refinery  
  98  7:05  SCV  
  99  7:09  SCV  
  99  7:12  SCV  
  101  7:17  SCV  
  101  7:19  Hellion x2, Siege Tank  
  101  7:20  Supply Depot  
  101  7:22  SCV  
  110  7:24  Liberator, SCV, Viking  
  116  7:32  SCV  
  117  7:39  SCV  
  117  7:40  Supply Depot  
  117  7:41  Supply Depot  
  118  7:45  Siege Tank  
  118  7:50  Hellion  
  118  7:51  SCV, Siege Tank  
  124  7:52  Hellion  
  124  7:54  Viking  
  124  7:57  SCV x2  
  130  8:06  Supply Depot  
  130  8:07  Supply Depot, SCV  
  130  8:09  SCV, Viking  
  134  8:15  Hellion x2  
  138  8:21  Supply Depot  
  138  8:24  Viking  
  139  8:29  Siege Tank x2  
  145  8:39  SCV x2  
  111  8:50  Hellion x2  
  111  8:53  Liberator  
  111  8:54  Viking  
  120  8:58  SCV x3  
  120  9:00  Factory  
  120  9:01  Factory, Siege Tank  
  126  9:11  Supply Depot, Hellion x2  
  126  9:12  Command Center  
  130  9:22  Siege Tank  
  130  9:24  SCV x2  
  133  9:25  SCV  
  132  9:33  Hellion x2, Siege Tank  
  132  9:36  SCV  
  140  9:51  Liberator x2  
  146  9:54  Hellion x2  
  146  9:55  Siege Tank  
  150  10:05  Siege Tank, Factory Tech Lab  
  153  10:13  Factory Reactor  
  153  10:14  Supply Depot, SCV x2  
  152  10:15  Hellion  
  152  10:16  Hellion  
  156  10:26  Siege Tank  
  156  10:27  Siege Tank  
  162  10:32  Supply Depot x2  
  162  10:34  Viking x2  
  166  10:35  Infernal Pre-Igniter  
  166  10:37  Hellion x2, Siege Tank, Supply Depot  
  173  10:58  Hellion x2, Siege Tank  
  173  10:59  Siege Tank  
  180  11:05  Viking x2  
  180  11:09  Siege Tank  
  185  11:12  Hellion x2  
  180  11:20  Hellion  
  180  11:22  Hellion  
  182  11:30  Planetary Fortress, Siege Tank  
  182  11:31  Siege Tank  
  177  11:41  Siege Tank  
  177  11:42  Hellion x3  
  177  11:43  Hellion  
  177  11:44  Viking  
  160  11:55  SCV  
  160  11:58  Viking  
  132  12:02  Siege Tank  
  132  12:05  Hellion x2  
  137  12:10  Missile Turret  
  137  12:12  Armory  
  137  12:14  Viking  
  139  12:20  Siege Tank  
  139  12:21  Hellion  
  144  12:27  Armory  
  144  12:32  Hellion x3  
  150  12:43  Siege Tank  
  153  12:44  Siege Tank  
  153  12:46  Hellion  
  149  12:53  Hellion x2  
  137  13:00  SCV x3  
  125  13:07  Hellion  
  125  13:12  SCV x3  
  116  13:14  Siege Tank, Viking  
  116  13:15  Siege Tank, Viking  
  116  13:17  SCV  
  115  13:24  SCV x2  
  115  13:30  SCV  
Tags
 
Composition
Mech
Event
TSL 8
League
Master
Matchup
TvT
Race
Terran
Add a new tag
Caveats
  • Supply blocks, unpowered buildings, or Contaminate may cause inaccurate times.
  • Supply counts are checked every 10 seconds.